 Dungeon Crawl Stone Soup version 0.30-a0-634-g8abc85282e (webtiles) character file.

Game seed: 8785516790353952595

221 wormed the Sneak (level 5, 0/37 HPs)
             Began as an Octopode Monk on Jan 15, 2023.
             Slain by an orc
             ... wielding a +0 dagger
              (4 damage)
             ... on level 3 of the Dungeon.
             The game lasted 00:02:42 (1593 turns).

wormed the Sneak (Octopode Monk)                    Turns: 1593, Time: 00:02:43

Health: 0/37       AC:  6    Str: 10    XL:     5   Next: 98%
Magic:  7/7        EV: 14    Int: 15    God:
Gold:   130        SH:  0    Dex: 14    Spells: 7/7 levels left

rFire   . . .      SeeInvis .      - Unarmed
rCold   . . .      Faith    .    (no shield)
rNeg    . . .      Spirit   .    b - +1 hat
rPois   .          Reflect  .    (no amulet)
rElec   .          Harm     .    d - +4 ring of protection
rCorr   .          Rampage  .    (no ring)
Will    .....                    (no ring)
Stlth   ++++                     (no ring)
HPRegen 0.26/turn                (no ring)
MPRegen 0.10/turn                (no ring)
                                 (no ring)
                                 (no ring)

@: no status effects
A: almost no armour, amphibious, 8 rings, camouflage 1, gelatinous body 1,
(nimble swimmer 1), tentacles
a: no special abilities


You were on level 3 of the Dungeon.
You visited 1 branch of the dungeon, and saw 3 of its levels.

You collected 130 gold pieces.

Inventory:

Armour
 b - a +1 hat (worn)
Jewellery
 a - a ring of positive energy
 d - a +4 ring of protection (left tentacle)
Wands
 c - a wand of quicksilver (8)
Scrolls
 g - a scroll of fear
Potions
 e - a potion of resistance
 f - a potion of brilliance {unknown}


   Skills:
 + Level 3.9 Fighting
 + Level 3.9 Dodging
 + Level 4.5 Stealth
 + Level 4.0 Unarmed Combat
 + Level 1.6 Spellcasting


You had 7 spell levels left.
You didn't know any spells.
Your spell library contained the following spells:

 Spells                   Type           Power      Damage    Failure   Level
 Magic Dart               Conj           4%         1d3       24%         1
 Shock                    Conj/Air       4%         1d3       24%         1
 Call Imp                 Summ           1%         N/A       34%         2
 Mephitic Cloud           Conj/Pois/Air  1%         N/A       56%         3
 Swiftness                Air            1%         N/A       56%         3
 Airstrike                Air            0%         2d(1-17)  93%         4


Dungeon Overview and Level Annotations

Branches:
Dungeon (3/15)

Altars:

Annotations:
D:2 Sigmund


Innate Abilities, Weirdness & Mutations

You cannot wear most types of armour.
You are amphibious.
You can wear up to eight rings at the same time.
Your skin changes colour to match your surroundings (Stealth+).
Your rubbery body absorbs attacks. (AC +1, EV +1)
((You are camouflaged when in or above water. (Stealth+)))
You have tentacles for arms and can constrict up to eight enemies at once.


Message History

You barely miss something.
You hear some strange, mumbled words.
A puff of flame appears from out of thin air!
The puff of flame hits you.
* * * LOW HITPOINT WARNING * * *
You bump into the rock wall.
Something hits you but does no damage.
You are too confused!
You're too confused to move!
You hear some strange, mumbled words.
A puff of flame appears from out of thin air!
The puff of flame hits you.
* * * LOW HITPOINT WARNING * * *
You completely miss something. You completely miss something.
You hear some strange, mumbled words.
A magic dart appears from out of thin air!
The magic dart hits you.
* * * LOW HITPOINT WARNING * * *
You tentacle-slap something.
Reactivating autopickup.
You feel a bit more experienced.
You feel less confused.
You tentacle-slap the orc. You grab the orc.
The orc is heavily wounded.
You constrict the orc. The orc hits you with a +0 falchion.
* * * LOW HITPOINT WARNING * * *
You bludgeon the orc!
You kill the orc!
Your Unarmed Combat skill increases to level 4!
You tentacle-slap the orc. You grab the orc.
The orc is moderately wounded.
You constrict the orc, but do no damage.
The orc closely misses you.
You tentacle-slap the orc.
The orc is moderately wounded.
You constrict the orc. The orc barely misses you.
You tentacle-slap the orc but do no damage.
The orc is heavily wounded.
You constrict the orc. The orc hits you with a +0 dagger.
You die...

..## .#. #.... .. #
#...##.# #.# #.
#....... ... #..
...#.# #.#
..#<..######...# #.#
#....?o@..#...### #.#
#########.#.....####.#
#............##
##..####.##...# #.##
#..##>.##
###########.#
##.##....
#........).)# #..#.##.
#..........## ##.(....
#..........#
####....###


You could see an orc.

Vanquished Creatures
  An orc priest (D:3)
  Natasha (thrice) (D:2)
  An orc wizard (D:3)
  2 adders
  2 dart slugs
  10 orcs (D:3)
  2 bats
  4 endoplasms (D:1)
  A giant cockroach (D:1)
  3 goblins
  14 hobgoblins
  8 kobolds
  3 quokkas (D:1)
  2 ball pythons (D:2)
  2 frilled lizards
  4 rats
62 creatures vanquished.

Vanquished Creatures (others)
  28 plants (D:1)
28 creatures vanquished.

Grand Total: 90 creatures vanquished

Notes
Turn   | Place    | Note
-------+----------+-------------------------------------------
     0 | D:1      | wormed the Octopode Monk began the quest for the Orb.
     0 | D:1      | Reached XP level 1. HP: 16/16 MP: 1/1
   155 | D:1      | Reached XP level 2. HP: 21/21 MP: 2/2
   428 | D:1      | Reached XP level 3. HP: 26/26 MP: 3/3
   964 | D:2      | Noticed Natasha
   974 | D:2      | Killed Natasha
   975 | D:2      | Reached XP level 4. HP: 14/31 MP: 4/4
  1018 | D:2      | Noticed Natasha
  1031 | D:2      | Killed Natasha
  1031 | D:2      | Noticed Sigmund
  1032 | D:2      | Reached skill level 1 in Spellcasting
  1193 | D:2      | Noticed Natasha
  1202 | D:2      | Killed Natasha
  1203 | D:2      | Reached XP level 5. HP: 13/37 MP: 6/6
  1593 | D:3      | Slain by an orc

Illustrated notes

Levels and vault maps discovered:
D:1:      roderic_crop_circles_arrival_small, layout_basic
D:2:      layout_basic, fountainhead, hangedman_decor_push, nicolae_titane,
          uniq_sigmund, uniq_natasha
D:3:      layout_rooms, mainiacjoe_overflow_divided_tiny, feat_on_display

Skill      XL: |  1  2  3  4  5 |
---------------+----------------+-----
Stealth        | 3 4 |  4.5
Spellcasting   | 1 |  1.6
Unarmed Combat | 4 |  4.0
Fighting       | |  3.9
Dodging        | |  3.9

Action                   |  1- 3 |  4- 6 || total
-------------------------+-------+-------++-------
Melee: Unarmed           |    86 |    88 ||   174
       Tentacles         |    20 |    13 ||    33
       Constrict         |    21 |    19 ||    40
       Punch             |     2 |       ||     2
  Use: Scroll            |     3 |       ||     3
       Potion            |       |     1 ||     1
 Stab: Sleeping          |     3 |       ||     3
       Distracted        |     1 |       ||     1
Armor: Skin              |    25 |    39 ||    64
Dodge: Dodged            |    48 |    41 ||    89

Table legend: (Time is in decaauts)
 A = Elapsed time spent in this place.
 B = Non-inter-level travel time spent in this place.
 C = Inter-level travel time spent in this place.
 D = Time resting spent in this place.
 E = Time spent auto-exploring this place.
 F = Levels seen in this place.
 G = Mean time per level.
                   A        B        C        D        E       F      G
               +--------+--------+--------+--------+--------+-----+--------+
         Total |   1582 |   1530 |     52 |      0 |   1122 |   3 |  527.3 |
       Dungeon |   1582 |   1530 |     52 |      0 |   1122 |   3 |  527.3 |
               +--------+--------+--------+--------+--------+-----+--------+

Top non-repeatable levels by time:
     D:1: 923 daAuts
     D:3: 364 daAuts
     D:2: 294 daAuts
